[Event "Titled Tuesday Blitz April 12 Early 2022"]
[White "Zhigalko, Sergei"]
[Black "Esipenko, Andrey"]
[WhiteFideId "13502956"]
[BlackFideId "24175439"]
[WhiteElo "2662"]
[BlackElo "2617"]
[Result "0-1"]
[Round "07"]
[TimeControl "180+1"]
[Date "2022.04.12"]
[WhiteClock "0:00:01"]
[BlackClock "0:00:18"]

1. e4 e5 2. Nf3 Nc6 3. Bb5 a6 4. Ba4 Nf6 5. O-O Be7 6. Re1 b5 7. Bb3 O-O 8. a4 b4 9. d3 d6 10. a5 Be6 11. Nbd2 Rb8 12. Bc4 Qc8 13. b3 Nd7 14. Bb2 Bf6 15. Nf1 Nd4 16. Nxd4 exd4 17. f4 Re8 18. Ng3 g6 19. Qf3 Bxc4 20. dxc4 c5 21. Re2 Qc7 22. Rae1 Re6 23. e5 Bg7 24. Ne4 dxe5 25. f5 gxf5 26. Qxf5 Rf8 27. Bc1 Qc6 28. Rf1 Nf6 29. Ng5 e4 30. Bf4 e3 31. Be5 Rxe5 32. Qxe5 h6 33. Nh3 Re8 34. Qf5 Qe4 35. Qxc5 d3 36. cxd3 Qxd3 37. Nf4 Qxb3 38. Qc6 Re4 39. Qxa6 Rxf4 40. Rxf4 Qd1+ 41. Rf1 Qxe2 42. Qa8+ Kh7 43. Qf3 Qd2 0-1


[Site "https://www.chess.com"]

[Event "Titled Tuesday Blitz April 12 Early 2022"]
[White "Zhu, Jiner"]
[Black "Bychkov, Vladimir"]
[WhiteFideId "8608059"]
[BlackFideId "24151513"]
[WhiteElo "2721"]
[BlackElo "2356"]
[Result "1-0"]
[Round "07"]
[TimeControl "180+1"]
[Date "2022.04.13"]
[WhiteClock "0:00:03"]
[BlackClock "0:00:01"]

1. e4 e6 2. d4 d5 3. exd5 exd5 4. Nf3 Bd6 5. Bd3 Ne7 6. O-O O-O 7. Re1 Bf5 8. Ne5 Bxd3 9. Qxd3 f6 10. Nf3 Ng6 11. Nc3 c6 12. Ne2 Qc7 13. Ng3 Nd7 14. Nf5 Rae8 15. Bd2 Bf4 16. g3 Bxd2 17. Qxd2 Nb6 18. b3 Qd7 19. Qd3 Nc8 20. h4 Nd6 21. Nxd6 Qxd6 22. h5 Ne7 23. Re2 Nc8 24. Rae1 Qd7 25. Nh4 Nd6 26. Kg2 Re4 27. f3 Rxe2+ 28. Rxe2 Re8 29. Kf2 Rxe2+ 30. Qxe2 Qe8 31. Qxe8+ Nxe8 32. Nf5 Kf7 33. g4 g6 34. hxg6+ hxg6 35. Ng3 Nd6 36. Ke3 Nb5 37. a4 Nd6 38. Ne2 g5 39. Ng3 Ke6 40. f4 gxf4+ 41. Kxf4 a5 42. Kf3 b5 43. Ne2 bxa4 44. bxa4 Nc4 45. Nc1 Na3 46. c3 Nb1 47. Nb3 Nxc3 48. Nxa5 Kd7 49. Kf4 Nxa4 50. Kf5 c5 51. dxc5 Nxc5 52. Kxf6 d4 53. Nc4 d3 54. Kf7 Ne4 55. Ne5+ Kd6 56. Nxd3 Ng5+ 57. Kf6 Nf3 58. Nf4 Kd7 59. Ne6 Ke8 60. Ng5 Nh4 61. Nh7 1-0


[Site "https://www.chess.com"]

[Event "Titled Tuesday Blitz April 12 Early 2022"]
[White "Zlatin, Alexander"]
[Black "Hansen, Eric"]
[WhiteFideId "2810549"]
[BlackFideId "2606771"]
[WhiteElo "2228"]
[BlackElo "2568"]
[Result "0-1"]
[Round "07"]
[TimeControl "180+1"]
[Date "2022.04.13"]
[WhiteClock "0:00:01"]
[BlackClock "0:01:37"]

1. d4 Nf6 2. Nc3 d5 3. Bf4 a6 4. e3 c5 5. dxc5 e6 6. Nf3 Bxc5 7. Bd3 Nc6 8. O-O Qe7 9. Ne5 Bd6 10. Nxc6 bxc6 11. Bxd6 Qxd6 12. e4 d4 13. Ne2 Ng4 14. g3 e5 15. h3 Nh6 16. Kg2 f6 17. f4 c5 18. Bc4 Bb7 19. Qd3 f5 20. Qb3 Bxe4+ 21. Kg1 Rb8 22. Qa4+ Ke7 23. fxe5 Qxe5 24. Nf4 Rb4 25. Qxa6 Ra8 26. Qe6+ Qxe6 27. Bxe6 g5 28. Nd5+ Kxe6 29. Nxb4 cxb4 30. Kf2 Bxc2 31. Rac1 d3 32. Ke3 Rxa2 33. Kd2 Rxb2 34. Rfe1+ Kf6 35. Ra1 Nf7 36. Ra6+ Kg7 37. Re7 Rb1 38. Ke3 Re1+ 0-1


[Site "https://www.chess.com"]

[Event "Titled Tuesday Blitz April 12 Early 2022"]
[White "parintele_chess"]
[Black "Antonio, Jorge Carlos"]
[BlackFideId "113190"]
[WhiteElo "2250"]
[BlackElo "2247"]
[Result "1-0"]
[Round "07"]
[TimeControl "180+1"]
[Date "2022.04.13"]
[WhiteClock "0:00:04"]
[BlackClock "0:00:08"]

1. d4 d6 2. e4 g6 3. Nc3 Bg7 4. Bg5 Nf6 5. e5 Nfd7 6. e6 fxe6 7. Qe2 Nf6 8. O-O-O Nc6 9. Nf3 O-O 10. h4 h6 11. Be3 Ng4 12. Nh2 Nxe3 13. fxe3 e5 14. Qd3 exd4 15. exd4 Bf5 16. Qc4+ Kh8 17. g4 Bd7 18. Qd3 Nxd4 19. Qxg6 Qe8 20. Qe4 Bc6 21. Nd5 e6 22. Bd3 Nf5 23. Nxc7 Bxe4 24. Nxe8 Bxh1 25. Nxg7 Nxg7 26. Rxh1 e5 27. g5 d5 28. gxh6 Nf5 29. Ng4 e4 30. Be2 Kh7 31. Rg1 Nxh6 32. Ne5 Rae8 33. Ng6 Rf2 34. Bh5 Rc8 35. Bd1 Nf5 36. Ne5 Ne3 37. Bg4 Nxc2 38. Kb1 Ne3 39. Bxc8 d4 40. Bxb7 Rf4 41. Ng6 Rf1+ 42. Rxf1 Nxf1 43. Bxe4 Nd2+ 44. Kc2 Nxe4 45. Nf4 a5 46. Kd3 Nd6 47. Kxd4 Nb5+ 48. Kc5 Nc7 49. Kb6 Ne8 50. Kxa5 Nf6 51. b4 Kg7 52. b5 Ne4 53. b6 Kf6 54. b7 Kf5 55. b8=Q 1-0


[Site "https://www.chess.com"]

[Event "Titled Tuesday Blitz April 12 Early 2022"]
[White "Aaditya Dhingra"]
[Black "Molina, Roberto Junio Brito"]
[WhiteFideId "25678191"]
[BlackFideId "2109450"]
[WhiteElo "1849"]
[BlackElo "2432"]
[Result "1/2-1/2"]
[Round "08"]
[TimeControl "180+1"]
[Date "2022.04.13"]
[WhiteClock "0:00:45"]
[BlackClock "0:01:47"]

1. a3 g6 2. g3 Bg7 3. Bg2 d5 4. Nf3 Nf6 5. O-O O-O 6. c4 d4 7. e3 c5 8. exd4 cxd4 9. d3 Re8 10. Re1 a5 11. Nbd2 Nc6 12. Ne5 Nxe5 13. Rxe5 Nd7 14. Rb5 Qc7 15. b4 axb4 16. Rxb4 Nc5 17. Ne4 Na6 18. Rb5 Bd7 19. Rxb7 Qc8 20. Rab1 Bc6 21. R7b6 Kh8 22. Bf4 h6 23. Rxc6 Qxc6 24. Nd6 Qc5 25. Rb5 Qxa3 26. Nxf7+ Kg8 27. Bxa8 Rxa8 28. Nxh6+ Kh7 29. Nf7 Nc5 30. Ng5+ Kg8 31. Qf3 Nxd3 32. Qd5+ Kh8 33. Nf7+ Kh7 34. Ng5+ Kh8 1/2-1/2


[Site "https://www.chess.com"]

[Event "Titled Tuesday Blitz April 12 Early 2022"]
[White "Aitbayev, Aslan"]
[Black "Stribuk, Artiom"]
[WhiteFideId "13704613"]
[BlackFideId "13515659"]
[WhiteElo "2385"]
[BlackElo "2259"]
[Result "0-1"]
[Round "08"]
[TimeControl "180+1"]
[Date "2022.04.12"]
[WhiteClock "0:00:04"]
[BlackClock "0:00:34"]

1. e4 c5 2. Nf3 Nc6 3. Bb5 e6 4. O-O Nge7 5. Re1 a6 6. Bf1 b6 7. c3 d5 8. exd5 Nxd5 9. d4 cxd4 10. Nxd4 Bb7 11. Nxc6 Bxc6 12. c4 Nf6 13. Nc3 Bd6 14. Be3 Qc7 15. h3 O-O 16. Qc2 Rfd8 17. a3 a5 18. Rad1 h6 19. Bd4 Bc5 20. Be5 Qe7 21. Rxd8+ Rxd8 22. Rd1 Rd7 23. Rxd7 Nxd7 24. Bg3 Qg5 25. Kh2 Nf6 26. Bd3 h5 27. h4 Ng4+ 28. Kh3 Nxf2+ 29. Bxf2 Qxg2# 0-1


[Site "https://www.chess.com"]

[Event "Titled Tuesday Blitz April 12 Early 2022"]
[White "Alinasab, Mobina"]
[Black "Korchmar, Vasiliy"]
[WhiteFideId "12528897"]
[BlackFideId "24131750"]
[WhiteElo "2509"]
[BlackElo "2807"]
[Result "0-1"]
[Round "08"]
[TimeControl "180+1"]
[Date "2022.04.13"]
[WhiteClock "0:00:03"]
[BlackClock "0:00:07"]

1. e4 c5 2. Nf3 d6 3. d4 cxd4 4. Nxd4 Nf6 5. Nc3 Nc6 6. f3 e5 7. Nb3 Be7 8. Be3 O-O 9. Qd2 Be6 10. O-O-O a5 11. Bb5 Nb4 12. Kb1 a4 13. Nxa4 d5 14. Bc5 Nxa2 15. Kxa2 Bd7 16. Qb4 Qe8 17. Bxe7 Bxb5 18. Bxf8 Rxa4+ 19. Qxa4 Bxa4 20. Ba3 dxe4 21. fxe4 Nxe4 22. Rhe1 f5 23. Re2 h6 24. Rde1 Bb5 25. Re3 Bc4 26. Kb1 Qb5 27. Kc1 Kh7 28. Nd2 Bd5 29. Nxe4 Bxe4 30. Rc3 b6 31. Rc7 Qe8 32. Rd1 Bc6 33. b3 e4 34. Rd6 Bb5 35. Bb4 e3 36. Rxb6 e2 37. Be1 Qe3+ 38. Kb2 Qxb6 39. Re7 Qf6+ 40. Bc3 Qxe7 0-1


[Site "https://www.chess.com"]

[Event "Titled Tuesday Blitz April 12 Early 2022"]
[White "Allahverdiyeva, Ayan"]
[Black "Vusatiuk, Vladimir"]
[WhiteFideId "13412590"]
[BlackFideId "14118610"]
[WhiteElo "1910"]
[BlackElo "2157"]
[Result "1-0"]
[Round "08"]
[TimeControl "180+1"]
[Date "2022.04.13"]
[WhiteClock "0:00:19"]
[BlackClock "0:00:04"]

1. e4 c5 2. Nf3 d6 3. d4 cxd4 4. Nxd4 Nf6 5. Nc3 a6 6. Bg5 e6 7. f4 Qb6 8. Qd3 Nbd7 9. O-O-O h6 10. Bh4 Be7 11. Qe2 Qc7 12. Nd5 Nxd5 13. exd5 Bxh4 14. Nf5 Bf6 15. dxe6 O-O 16. exd7 Bxd7 17. Nxd6 Rfd8 18. Qc4 Bc6 19. Nf5 Rxd1+ 20. Kxd1 Bxb2 21. Bd3 Re8 22. Rg1 b5 23. Qc5 Qxf4 24. Ne7+ Rxe7 25. Qxe7 Qc1+ 26. Ke2 Qg5 27. Qxg5 hxg5 28. g3 f6 29. Rf1 Kf7 30. h4 gxh4 31. gxh4 Ke7 32. h5 Bd7 33. Rg1 f5 34. Rg6 Bf6 35. Kf3 Kd6 36. h6 Be8 37. hxg7 Bxg6 38. g8=Q Bh5+ 39. Kg2 Ke5 40. Qa8 f4 41. Qxa6 f3+ 42. Kf1 Bh4 43. Qxb5+ Kf4 44. Qxh5 Ke3 45. Qe5+ Kd2 46. a4 f2 47. a5 Bf6 48. Qe6 Bd4 49. a6 Ba7 50. Qd7 Be3 51. a7 Bxa7 52. Qxa7 Kc1 53. Kxf2 Kd2 54. Qa5+ Kc1 55. c4 Kb2 56. c5 Kc1 57. c6 Kb2 58. c7 1-0


[Site "https://www.chess.com"]

[Event "Titled Tuesday Blitz April 12 Early 2022"]
[White "Almeida Junior, Alvaro Alves de"]
[Black "Aslanov, Umid"]
[WhiteFideId "2149974"]
[BlackFideId "13412620"]
[WhiteElo "2086"]
[BlackElo "1796"]
[Result "0-1"]
[Round "08"]
[TimeControl "180+1"]
[Date "2022.04.13"]
[WhiteClock "0:00:13"]
[BlackClock "0:02:00"]

1. e4 c5 2. Nf3 d6 3. d4 cxd4 4. Nxd4 Nf6 5. Nc3 a6 6. h3 e6 7. g4 Be7 8. Bg2 Nc6 9. Nde2 O-O 10. O-O Qc7 11. Be3 b5 12. a3 Bb7 13. Ng3 Nd7 14. f4 b4 15. axb4 Nxb4 16. Rf2 Nb6 17. Qd4 Nc4 18. Nh5 e5 19. Qd1 Nxe3 20. Qf3 Nxg2 21. Rxg2 exf4 22. Qxf4 Qc5+ 23. Kh1 d5 24. Qe5 f6 25. Qe6+ Kh8 26. exd5 Nxd5 0-1


[Site "https://www.chess.com"]

[Event "Titled Tuesday Blitz April 12 Early 2022"]
[White "Antonio, Jorge Carlos"]
[Black "Gu, Xiaobing"]
[WhiteFideId "113190"]
[BlackFideId "8602611"]
[WhiteElo "2247"]
[BlackElo "2174"]
[Result "1-0"]
[Round "08"]
[TimeControl "180+1"]
[Date "2022.04.13"]
[WhiteClock "0:00:51"]
[BlackClock "0:00:23"]

1. e4 c5 2. f4 d5 3. e5 g6 4. Nf3 Bg7 5. Nc3 Nc6 6. Bb5 h5 7. d4 c4 8. b3 cxb3 9. axb3 Nh6 10. O-O O-O 11. Bxc6 bxc6 12. h3 Nf5 13. Ne2 h4 14. Qe1 Qb6 15. Ba3 Ne3 16. Qxh4 Nxf1 17. Ng5 Re8 18. Rxf1 Bf5 19. g4 Bxc2 20. Qh7+ Kf8 21. f5 Qxb3 22. Ne6+ fxe6 23. fxg6+ Bf5 24. gxf5 Qe3+ 25. Rf2 Qg5+ 26. Kf1 exf5 27. Bc1 f4 28. Rxf4+ Qf5 29. Rxf5+ 1-0


[Site "https://www.chess.com"]

[Event "Titled Tuesday Blitz April 12 Early 2022"]
[White "Araujo Filho, Luiz Antonio Coel"]
[Black "De Souza, Cristiano Gomes"]
[WhiteFideId "2130661"]
[BlackFideId "2151758"]
[WhiteElo "2316"]
[BlackElo "2068"]
[Result "1-0"]
[Round "08"]
[TimeControl "180+1"]
[Date "2022.04.13"]
[WhiteClock "0:00:20"]
[BlackClock "0:00:01"]

1. d4 Nf6 2. Nf3 g6 3. c4 Bg7 4. Nc3 d6 5. e4 O-O 6. Be2 e5 7. dxe5 dxe5 8. O-O c6 9. Qc2 Qc7 10. Rd1 Nbd7 11. b4 a5 12. b5 Re8 13. h3 Nc5 14. Be3 Ne6 15. Rab1 Nh5 16. Na4 Nhf4 17. Bf1 cxb5 18. Rxb5 Bd7 19. Rxd7 Qxd7 20. Nb6 Qc6 21. Nxa8 Rxa8 22. Nxe5 Bxe5 23. Rxe5 a4 24. Rb5 Nh5 25. Be2 Nhg7 26. Qb1 Nd8 27. Rb6 Qc7 28. Bd4 Nge6 29. Ba1 Qf4 30. Qb2 Kf8 31. g3 Qxe4 32. Rd6 Rc8 33. Qh8+ Ke7 34. Rd5 Qb1+ 35. Kh2 Qxa1 36. Qxa1 Nc6 37. Qb2 Rc7 38. Qb6 Rd7 39. Rxd7+ Kxd7 40. Qxb7+ Kd6 41. Qxf7 1-0


[Site "https://www.chess.com"]

[Event "Titled Tuesday Blitz April 12 Early 2022"]
[White "Atakhan, Abtin"]
[Black "Murzin, Volodar"]
[WhiteFideId "22502203"]
[BlackFideId "44155573"]
[WhiteElo "2094"]
[BlackElo "2585"]
[Result "0-1"]
[Round "08"]
[TimeControl "180+1"]
[Date "2022.04.12"]
[WhiteClock "0:00:01"]
[BlackClock "0:00:06"]

1. c4 c6 2. g3 d5 3. Bg2 Nf6 4. Nf3 g6 5. b3 Bg7 6. Bb2 O-O 7. O-O Bg4 8. Ne5 Bf5 9. d3 Nbd7 10. Nf3 Re8 11. Nbd2 e5 12. cxd5 cxd5 13. Nh4 Be6 14. h3 d4 15. Nc4 Nd5 16. Nd6 Rf8 17. Qd2 Nc5 18. Nc4 Rc8 19. Nf3 f6 20. Qd1 Qd7 21. Kh2 b5 22. Ncd2 Nc3 23. Qe1 Bh6 24. a4 b4 25. Bc1 Bg7 26. a5 Nxb3 27. Nxb3 Bxb3 28. e3 dxe3 29. Bxe3 Bd5 30. a6 Rfe8 31. Nd2 Bxg2 32. Kxg2 Qxd3 33. Bxa7 f5 34. Nb3 Qd5+ 35. Kg1 Qxb3 36. Bb6 Qc4 37. a7 Ra8 38. Be3 f4 39. Bb6 Qc6 40. Ra6 Qb5 41. Qa1 Re6 0-1


[Site "https://www.chess.com"]

[Event "Titled Tuesday Blitz April 12 Early 2022"]
[White "Avalos Parra, Joao"]
[Black "De Arruda, Leandro Formes"]
[WhiteFideId "3402541"]
[BlackFideId "22722009"]
[WhiteElo "2173"]
[BlackElo "1852"]
[Result "0-1"]
[Round "08"]
[TimeControl "180+1"]
[Date "2022.04.13"]
[WhiteClock "0:00:12"]
[BlackClock "0:00:18"]

1. d4 d5 2. c4 e6 3. Nf3 Nf6 4. g3 Be7 5. Bg2 O-O 6. O-O Ne4 7. Qc2 f5 8. Ne5 Nd7 9. Nxd7 Bxd7 10. f3 Nf6 11. b3 Bc6 12. Bb2 a5 13. a3 b5 14. c5 Qe8 15. Nd2 Qg6 16. Rae1 f4 17. Qxg6 hxg6 18. gxf4 Nh5 19. e3 Bh4 20. Re2 g5 21. fxg5 Bxg5 22. f4 Bh6 23. Bh3 Rae8 24. Rg2 Nf6 25. Kh1 b4 26. a4 Bb7 27. Bc1 Ba6 28. Rfg1 Bd3 29. Bg4 Ne4 30. Bf3 Nc3 31. Nf1 Ne4 32. Ng3 Nf6 33. Nh5 Nxh5 34. Bxh5 Re7 35. Bf3 Kh8 36. Bd2 c6 37. Be1 Ref7 38. Bh4 Rf5 39. Rg6 Re8 40. R6g4 Rf7 41. R4g2 Ref8 42. Bg5 Kh7 43. Bxh6 gxh6 44. Rg3 Bf5 45. h4 Bc2 46. Kh2 Bf5 47. Bh5 Re7 48. Bg6+ Kh8 49. Bxf5 exf5 50. Rf3 Rfe8 51. Rgg3 Kh7 52. Kg2 Re6 53. Kf2 R6e7 54. h5 Re6 55. Ke2 Re4 56. Kd3 R4e7 57. Rg6 Rc8 58. Rfg3 Rec7 59. Rf6 Rb8 60. Rgg6 Rbc8 61. Rxh6+ Kg7 62. Rhg6+ Kh7 63. Rg5 Re7 64. Rgxf5 Kg7 65. Rg6+ Kh7 66. Re5 Rf7 67. f5 Rcf8 68. e4 dxe4+ 69. Kxe4 Rd8 70. Rge6 Kg8 71. Re7 Rf6 72. R5e6 Rff8 73. Ke5 Rd5+ 74. Ke4 Rdxf5 75. Re8 Rf4+ 76. Kd3 Rf3+ 77. Kd2 Rf2+ 78. Kd3 Rf3+ 79. Ke4 Rf4+ 80. Ke5 Rf5+ 81. Kd6 Rd5+ 82. Kxc6 Rd8 83. Rxf8+ Kxf8 84. d5 Kf7 85. Rd6 Rc8+ 86. Kb5 Ke7 87. Kxa5 Rxc5+ 88. Kb6 Kxd6 89. a5 Rxd5 90. a6 Rxh5 91. a7 Rh8 92. Kb7 Kc5 93. a8=Q Rxa8 94. Kxa8 Kd4 95. Ka7 Kc3 0-1


[Site "https://www.chess.com"]

[Event "Titled Tuesday Blitz April 12 Early 2022"]
[White "Avazkhonov, Alikhon"]
[Black "parintele_chess"]
[WhiteFideId "14208504"]
[WhiteElo "1739"]
[BlackElo "2255"]
[Result "1-0"]
[Round "08"]
[TimeControl "180+1"]
[Date "2022.04.13"]
[WhiteClock "0:01:19"]
[BlackClock "0:01:23"]

1. c4 c5 2. Nc3 Nc6 3. g3 g6 4. Bg2 Bg7 5. e4 e6 6. Nge2 Nge7 7. O-O O-O 8. d3 h6 9. Be3 d6 10. Qd2 Kh7 11. f4 f5 12. h3 Nd4 13. g4 Qe8 14. Ng3 Rb8 15. g5 hxg5 16. fxg5 b5 17. Rae1 bxc4 18. dxc4 Be5 19. Bf4 Nec6 20. b3 Qf7 21. exf5 exf5 22. Bxc6 Nxc6 23. Bxe5 Nxe5 24. Qxd6 1-0


[Site "https://www.chess.com"]

[Event "Titled Tuesday Blitz April 12 Early 2022"]
[White "Ayushh, Ravikumar"]
[Black "Gatterer, Florian"]
[WhiteFideId "35039482"]
[BlackFideId "811688"]
[WhiteElo "1441"]
[BlackElo "2218"]
[Result "0-1"]
[Round "08"]
[TimeControl "180+1"]
[Date "2022.04.13"]
[WhiteClock "0:00:19"]
[BlackClock "0:00:24"]

1. e4 e5 2. Nf3 Nc6 3. Bb5 a6 4. Ba4 Nf6 5. O-O b5 6. Bb3 Bc5 7. c3 d6 8. d4 Bb6 9. Bc2 O-O 10. a4 Rb8 11. d5 Ne7 12. axb5 axb5 13. Nbd2 Ng6 14. Re1 Ng4 15. Rf1 Nf4 16. h3 Nxf2 17. Rxf2 Bxh3 18. Nf1 Bxf2+ 19. Kxf2 Bxg2 20. Bxf4 Bxf3 21. Qxf3 exf4 22. Qxf4 Ra8 23. Rxa8 Qxa8 24. e5 Qxd5 25. exd6 Qxd6 26. Qe4 Qf6+ 27. Kg2 g6 28. Ne3 h5 29. Nd5 Qd6 30. Qd4 f5 31. Kf3 Kh7 32. b3 c6 33. Nf4 Qxd4 34. cxd4 Rf6 35. Bd3 Kh6 36. d5 cxd5 37. Nxd5 Rd6 38. Nb4 Rd4 39. Bxb5 Rxb4 40. Bc4 Kg5 41. Ke3 h4 42. Kd4 Rb8 43. Kc5 Kf4 44. b4 g5 45. b5 g4 46. b6 h3 47. Bd5 Rxb6 48. Kxb6 g3 49. Kc5 g2 50. Kd4 g1=Q+ 51. Kc4 Qg3 52. Kc5 Qe3+ 53. Kc6 Qe5 54. Bh1 Qc3+ 55. Kd7 Qe1 56. Ba8 h2 57. Kd6 h1=Q 58. Bxh1 Qxh1 59. Ke6 Qe4+ 60. Kf7 Ke3 61. Kg7 f4 62. Kh8 f3 63. Kg7 f2 64. Kh8 f1=Q 65. Kg7 Qe7+ 66. Kh6 Qff6+ 67. Kh5 Qh7+ 0-1


[Site "https://www.chess.com"]

[Event "Titled Tuesday Blitz April 12 Early 2022"]
[White "Belenkaya, Dina"]
[Black "Hua, Lefong"]
[WhiteFideId "24142654"]
[BlackFideId "2602253"]
[WhiteElo "2196"]
[BlackElo "2571"]
[Result "0-1"]
[Round "08"]
[TimeControl "180+1"]
[Date "2022.04.13"]
[WhiteClock "0:00:01"]
[BlackClock "0:01:02"]

1. e4 c5 2. Nc3 g6 3. g3 Bg7 4. Bg2 Nc6 5. Nf3 d6 6. d3 e6 7. Bg5 Nge7 8. Qd2 h6 9. Be3 Nd4 10. O-O Rb8 11. Ne1 b5 12. Nd1 b4 13. c3 bxc3 14. bxc3 Ndc6 15. f4 f5 16. Nf3 O-O 17. Nh4 Kh7 18. Rc1 Qb6 19. Rf2 d5 20. exd5 Nxd5 21. Re2 Nxe3 22. Nxe3 Qc7 23. Nc4 Rd8 24. Nf3 Ba6 25. Qe3 Bxc4 26. dxc4 Rd6 27. Qxc5 Qb6 28. Qxb6 axb6 29. Re3 Kg8 30. Rb1 Kf7 31. Kf2 Ra8 32. Rb2 Ra4 33. Nd2 Na5 34. Bf1 Rc6 35. Rd3 Bf8 36. Rd7+ Kf6 37. Ke1 Ra3 38. Rc2 e5 0-1


[Site "https://www.chess.com"]

[Event "Titled Tuesday Blitz April 12 Early 2022"]
[White "Biletskiy, Danylo"]
[Black "Obolenskikh, Dmitry"]
[WhiteFideId "14155419"]
[BlackFideId "4156013"]
[WhiteElo "2087"]
[BlackElo "2512"]
[Result "0-1"]
[Round "08"]
[TimeControl "180+1"]
[Date "2022.04.12"]
[WhiteClock "0:00:05"]
[BlackClock "0:00:29"]

1. e4 e5 2. Nf3 Nc6 3. Nc3 Nf6 4. a3 d5 5. exd5 Nxd5 6. Bb5 Nxc3 7. bxc3 Bd6 8. O-O O-O 9. d4 Bd7 10. Bg5 f6 11. Bc4+ Kh8 12. Be3 e4 13. Nh4 f5 14. Qh5 Qe8 15. Qxe8 Raxe8 16. g3 Na5 17. Bb3 Bb5 18. Rfe1 Bc4 19. Reb1 b6 20. Ng2 g6 21. Bf4 Kg7 22. Ne3 Bxb3 23. cxb3 Bxf4 24. gxf4 Rd8 25. d5 Kf6 26. b4 Nb7 27. c4 Rg8 28. h4 h6 29. Kg2 g5 30. hxg5+ hxg5 31. Kg3 Rg6 32. Rc1 Rh8 33. Rh1 Rhg8 34. Rac1 Nd6 35. Rh5 Nf7 36. c5 b5 37. Rd1 Rd8 38. Rdh1 a5 39. fxg5+ Ke5 40. f4+ exf3 41. Kxf3 Nxg5+ 42. Ke2 Rf8 43. Rg1 Kf6 44. d6 cxd6 45. cxd6 Re8 46. Kd3 Rd8 47. Nd5+ Ke5 48. Nc3 Rdxd6+ 49. Kc2 axb4 50. axb4 Ne4 51. Rxg6 Rxg6 52. Nxb5 Rb6 53. Nc3 Rxb4 54. Nxe4 Rxe4 55. Kd2 Kf4 56. Kd1 Re7 57. Rh3 Kg4 58. Rh7 Rxh7 0-1


[Site "https://www.chess.com"]

[Event "Titled Tuesday Blitz April 12 Early 2022"]
[White "Bintang, Rasyid A. Hidayat"]
[Black "Bachmann, Axel"]
[WhiteFideId "7105355"]
[BlackFideId "3700488"]
[WhiteElo "2392"]
[BlackElo "2587"]
[Result "1-0"]
[Round "08"]
[TimeControl "180+1"]
[Date "2022.04.13"]
[WhiteClock "0:00:09"]
[BlackClock "0:00:01"]

1. d4 Nf6 2. Bf4 b6 3. e3 g6 4. Qf3 c6 5. Nd2 Bb7 6. Qe2 Bg7 7. Ngf3 O-O 8. h3 a5 9. Qd1 Ba6 10. Bxa6 Nxa6 11. O-O a4 12. c4 b5 13. cxb5 cxb5 14. a3 Qb6 15. Qe2 Rac8 16. Rac1 Qb7 17. Nb1 Ne4 18. Nfd2 Nxd2 19. Qxd2 b4 20. axb4 Qxb4 21. Nc3 d6 22. Ra1 e5 23. Rxa4 Qb7 24. Bg3 Rb8 25. Rfa1 Nc7 26. Ra7 Qb6 27. dxe5 dxe5 28. R1a5 Rfd8 29. Qe2 Ne6 30. Qf3 Ng5 31. Qg4 h6 32. h4 Ne6 33. Qf3 Rf8 34. Nd5 Qxb2 35. Nf6+ Kh8 36. Nd7 Qc1+ 37. Kh2 Rb1 38. Kh3 Qc8 39. Kh2 Qc1 40. Kh3 Qc8 41. Qg4 h5 42. Qe4 Qc1 43. Nxf8 Nxf8 44. Bh2 Qc8+ 45. g4 hxg4+ 46. Qxg4 Ne6 47. Ra8 Rb8 48. Rxb8 Qxb8 49. h5 Qc8 50. hxg6 fxg6 51. Bxe5 Bxe5 52. Rxe5 Kg7 53. Qxe6 Qh8+ 54. Kg3 Qb8 55. Qe7+ Kh6 56. Qh4+ Kg7 57. Qf4 Qd8 58. Rg5 1-0


[Site "https://www.chess.com"]

[Event "Titled Tuesday Blitz April 12 Early 2022"]
[White "Blokhin, Sofia"]
[Black "Mohammadian, Mohammad"]
[WhiteFideId "4508190"]
[BlackFideId "12566055"]
[WhiteElo "1764"]
[BlackElo "1544"]
[Result "1-0"]
[Round "08"]
[TimeControl "180+1"]
[Date "2022.04.13"]
[WhiteClock "0:00:18"]
[BlackClock "0:00:37"]

1. d4 Nf6 2. c4 g6 3. Nc3 d5 4. cxd5 Nxd5 5. e4 Nxc3 6. bxc3 Bg7 7. Nf3 c5 8. Bc4 Nc6 9. Be3 Qa5 10. Rc1 cxd4 11. Nxd4 Nxd4 12. Bxd4 O-O 13. O-O Rd8 14. Qb3 e6 15. Rfd1 b6 16. Bxg7 Rxd1+ 17. Qxd1 Kxg7 18. Qd4+ e5 19. Qd8 Bb7 20. Qe7 Rf8 21. Qxb7 Qa3 22. Rd1 Qxc3 23. Bb3 h5 24. h4 g5 25. hxg5 h4 26. Qe7 h3 27. Qf6+ Kg8 28. Qg6+ Kh8 29. Qh6+ Kg8 30. Qxh3 Qxh3 31. gxh3 Kg7 32. Kg2 Kg6 33. h4 Rh8 34. Kg3 Re8 35. Rd6+ Kg7 36. h5 Re7 37. Rf6 Rc7 38. Rxf7+ Rxf7 39. Bxf7 Kxf7 40. Kg4 b5 41. Kf5 a5 42. g6+ Kg7 43. Kg5 b4 44. h6+ Kg8 45. g7 Kh7 46. Kf6 a4 47. Kf7 b3 48. g8=Q+ Kxh6 49. Qg6# 1-0


[Site "https://www.chess.com"]

[Event "Titled Tuesday Blitz April 12 Early 2022"]
[White "Bortnyk, Olexandr"]
[Black "Xiong, Jeffery"]
[WhiteFideId "14120828"]
[BlackFideId "2047640"]
[WhiteElo "2723"]
[BlackElo "2727"]
[Result "1-0"]
[Round "08"]
[TimeControl "180+1"]
[Date "2022.04.12"]
[WhiteClock "0:00:11"]
[BlackClock "0:00:03"]

1. d4 Nf6 2. Nc3 d5 3. Bf4 e6 4. Nb5 Na6 5. e3 Be7 6. Nf3 O-O 7. Ne5 Nd7 8. a3 Nxe5 9. Bxe5 Bd7 10. Nc3 c5 11. Bxa6 bxa6 12. O-O f6 13. Bg3 Qb6 14. Rb1 a5 15. Re1 Rac8 16. Qd2 Rfd8 17. Ne2 Be8 18. c3 Bg6 19. Rbd1 c4 20. f3 Rd7 21. Nf4 Bf7 22. Kh1 Rb7 23. Re2 Rd8 24. Qe1 Qb5 25. e4 dxe4 26. Rxe4 Qxb2 27. Nxe6 Rdd7 28. a4 Qc2 29. d5 Rxd5 30. Rxd5 Rb1 31. Rd7 Rxe1+ 32. Bxe1 Bxe6 33. Rxe6 Bf8 34. Re8 h5 35. h4 Qc1 36. Kh2 Kh7 37. Bd2 Qb1 38. Rxf8 Qf5 39. Rff7 Qe5+ 40. Kh1 Qe2 41. Rxg7+ Kh8 42. Rge7 1-0


[Site "https://www.chess.com"]

[Event "Titled Tuesday Blitz April 12 Early 2022"]
[White "Bowden, Karl"]
[Black "Lagumina, Giulio"]
[WhiteFideId "400548"]
[BlackFideId "800619"]
[WhiteElo "2338"]
[BlackElo "2277"]
[Result "0-1"]
[Round "08"]
[TimeControl "180+1"]
[Date "2022.04.13"]
[WhiteClock "0:00:44"]
[BlackClock "0:01:17"]

1. e4 e5 2. Nf3 d6 3. d4 exd4 4. Qxd4 Nf6 5. Nc3 Be7 6. Bg5 O-O 7. O-O-O Nc6 8. Qd2 Be6 9. h4 a6 10. Nd5 Nxe4 11. Nxe7+ Nxe7 12. Qe3 Nc5 13. Nd4 Qd7 14. b4 Na4 15. Nxe6 fxe6 16. Bc4 Nd5 17. Bxd5 exd5 18. Rxd5 Rae8 19. Qb3 Kh8 20. Be3 b5 21. Qd3 Qe6 22. Kb1 Qxd5 0-1


[Site "https://www.chess.com"]

[Event "Titled Tuesday Blitz April 12 Early 2022"]
[White "Broca Jimenez, Fernando"]
[Black "Itkis, Boris"]
[WhiteFideId "5104742"]
[BlackFideId "1209167"]
[WhiteElo "2062"]
[BlackElo "2207"]
[Result "0-1"]
[Round "08"]
[TimeControl "180+1"]
[Date "2022.04.13"]
[WhiteClock "0:00:02"]
[BlackClock "0:00:22"]

1. e4 e5 2. Nf3 Nc6 3. Bb5 a6 4. Ba4 d6 5. d4 b5 6. Bb3 Nxd4 7. Nxd4 exd4 8. c3 dxc3 9. Nxc3 Nf6 10. O-O Be7 11. Bg5 O-O 12. Re1 h6 13. Bh4 Be6 14. Bc2 Nd7 15. Bg3 Ne5 16. Nd5 c6 17. Nf4 Qd7 18. Nxe6 Qxe6 19. Bb3 Qg6 20. f4 Nc4 21. f5 Qf6 22. Bxc4 bxc4 23. Qc2 d5 24. e5 Qg5 25. Rf1 Bc5+ 26. Kh1 Rfe8 27. f6 g6 28. Bf4 Qh4 29. Rae1 g5 30. e6 Qh5 31. Bg3 Ra7 32. e7 Rb7 33. b3 Qg4 34. bxc4 Qxc4 35. Qxc4 dxc4 36. Rc1 Rb4 37. Rc2 Bd4 38. Rfc1 Bxf6 39. Rxc4 Rxc4 40. Rxc4 Rxe7 0-1


[Site "https://www.chess.com"]